 Dungeon Crawl Stone Soup version 0.19-a0-1210-g5c1aa26 (webtiles) character file.

9 jacquesderrida the Conjurer (level 2, 0/14 HPs)
             Began as a Vine Stalker Wanderer on Aug 22, 2016.
             Slain by a hobgoblin
             ... wielding a +0 club
             ... led by Robin
              (2 damage)
             ... on level 2 of the Dungeon.
             The game lasted 00:00:35 (344 turns).

jacquesderrida the Conjurer (Vine Stalker Wanderer)  Turns: 344, Time: 00:00:35

Health: 0/14       AC:  3    Str: 16    XL:     2   Next: 12%
Magic:  0/3        EV: 11    Int: 11    God:
Gold:   37         SH:  0    Dex: 12    Spells: 0 memorised, 1 level left

rFire  . . .     SeeInvis .     b - +0 hand axe
rCold  . . .     Gourm    .     d - +0 robe
rNeg   . . .     Faith    .     (no shield)
rPois  .         Spirit   +     (no helmet)
rElec  .         Dismiss  .     e - +0 cloak
rCorr  .         Reflect  .     (no gloves)
MR     .....     Harm     .     (no boots)
Stlth  +.........               (no amulet)
                                (no ring)
                                (no ring)

@: lethally poisoned (0 -> -8)
A: fangs 2, magic shield, antimagic bite, no device heal 3, rot immunity
a: no special abilities


You were on level 2 of the Dungeon.
You were not hungry.

You visited 1 branch of the dungeon, and saw 2 of its levels.

You collected 37 gold pieces.

Inventory:

Hand Weapons
 b - a +0 hand axe (weapon)
Armour
 d - a +0 robe (worn)
 e - a +0 cloak (worn)
Scrolls
 c - 2 scrolls of teleportation
 h - a scroll of fear {unknown}
 i - a scroll of enchant weapon {unknown}
 j - a scroll of remove curse {unknown}
 m - a scroll of enchant armour {unknown}
 n - a scroll of identify {unknown}
Potions
 k - a potion of resistance {unknown}
 l - a potion of curing {unknown}
Books
 a - a book of Conjurations

   Spells                             Type                      Level
   a - Magic Dart                     Conjuration                  1
   b - Searing Ray                    Conjuration                  2
   c - Dazzling Spray                 Conjuration/Hexes            3
   d - Fulminant Prism                Conjuration/Hexes            4
   e - Iskenderun's Mystic Blast      Conjuration                  4
   f - Iskenderun's Battlesphere      Conjuration/Charms           5
Comestibles
 f - a bread ration
 g - 2 meat rations


   Skills:
 + Level 1.5 Fighting
 - Level 1.7 Axes
 - Level 1.0 Armour
   Level 1.7 Shields
   Level 3.0 Conjurations
   Level 2.0 Transmutations


You had one spell level left.
You didn't know any spells.

Dungeon Overview and Level Annotations

Branches:
Dungeon (2/15)

Altars:


Innate Abilities, Weirdness & Mutations

You have extremely sharp teeth.
When hurt, damage is shared between your health and your magic reserves.
Your bite disrupts and absorbs the magic of your enemies.
Potions and wands cannot restore your health.
You are immune to rotting.


Message History

You barely miss the goblin. The goblin hits you with a dagger.
The adder bites you but does no damage. The goblin hits you but does no damage.
A hobgoblin comes into view. It is wielding a club.
You miss the adder.
The hobgoblin shouts!
Your bite misses the adder.
The adder is moderately wounded.
You hit the goblin.
You kill the goblin!
You hear a shout! x3
The adder bites you.
* * * LOW HITPOINT WARNING * * *
You are lethally poisoned!
The adder poisons you! The adder barely misses you.
You hear a shout! x4
* * * LOW HITPOINT WARNING * * *
You feel sick.
You hear a shout!
The hobgoblin hits you with a club.
You die...

#.###### #.#
#.# . ### #.#
8. +.###.#
... #.....#
... #..#..#
.. #..####..
#.##@(.......
#bgSg........
######.######
.# .. ."# #+#


You could see an adder, 2 hobgoblins and a bat.

Vanquished Creatures
  An ooze (D:1)
  2 goblins
  2 kobolds
5 creatures vanquished.

Notes
Turn   | Place    | Note
-------+----------+-------------------------------------------
     0 | D:1      | jacquesderrida the Vine Stalker Wanderer began the quest for the Orb.
     0 | D:1      | jacquesderrida set off with: a book of Conjurations, a +0 hand axe, a scroll of teleportation, a +0 robe, a bread ration
     0 | D:1      | Reached XP level 1. HP: 9/9 MP: 2/2
   194 | D:1      | Reached skill level 1 in Fighting
   194 | D:1      | Reached XP level 2. HP: 7/14 MP: 1/3
   344 | D:2      | Slain by a hobgoblin

Vault maps used:
D:1:      shiori_shiawase
D:2:      overflow_temple_1_default, lemuel_doored_altar, ecumenical_altar_2,
          uniq_robin, uniq_sigmund, uniq_jessica

Skill      XL: |  1 |
---------------+----+-----
Fighting       | 1 |  1.5
Axes           | |  1.7
Armour         | |  1.0
Shields        | |  1.7
Conjurations   | |  3.0
Transmutations | |  2.0

Action                   || total
-------------------------++-------
Melee: Hand axe          ||    20
       Bite              ||     4
Armor: Robe              ||     6
Dodge: Dodged            ||    10
